 Dungeon Crawl Stone Soup version 0.30-a0-918-g0ff054e9dc (webtiles) character file.

Game seed: 18407621236772504185

217 cforsyth the Shield-Bearer (level 6, -9/48 HPs)
             Began as a Human Fighter on Mar 21, 2023.
             Killed by divine providence
             ... invoked by an orc priest
              (15 damage)
             ... on level 4 of the Dungeon.
             The game lasted 00:03:14 (2213 turns).

cforsyth the Shield-Bearer (Human Fighter)          Turns: 2213, Time: 00:03:14

Health: -9/48      AC:  8    Str: 18    XL:     6   Next: 16%
Magic:  6/6        EV:  9    Int:  8    God:
Gold:   213        SH:  5    Dex: 13    Spells: 5/5 levels left

rFire   . . .      SeeInvis .    a - +0 flail
rCold   . . .      Faith    .    c - +0 buckler
rNeg    . . .      Spirit   .    b - +0 scale mail
rPois   .          Reflect  .    (no helmet)
rElec   .          Rampage  .    h - +0 cloak
rCorr   .                        (no gloves)
Will    .....                    (no boots) Stlth
                                 m - amulet of Xeotoh {Acrobat Regen+}
HPRegen 1.08/turn                (no ring)
MPRegen 0.10/turn                (no ring)

@: no status effects
A: no striking features
a: no special abilities


You were on level 4 of the Dungeon.
You visited 1 branch of the dungeon, and saw 4 of its levels.

You collected 213 gold pieces.

Inventory:

Hand Weapons
 a - a +0 flail (weapon)
Armour
 b - a +0 scale mail (worn)
 c - a +0 buckler (worn)
 h - a +0 cloak (worn)
Jewellery
 e - a +5 ring of evasion
 f - a ring of fire
 m - the amulet of Xeotoh (around neck) {Acrobat Regen+}
   (You found it on level 2 of the Dungeon)

   [amulet of the acrobat]

   It increases your evasion while moving and waiting.
   Regen:     It increases your rate of health regeneration.
Scrolls
 g - a scroll of butterflies {unknown}
 j - a scroll of silence
 k - a scroll of vulnerability {unknown}
 l - a scroll of fear {unknown}
 n - a scroll of immolation {unknown}
 q - a scroll of identify {unknown}
Potions
 d - 3 potions of might
 i - a potion of cancellation {unknown}
 o - a potion of ambrosia {unknown}
 p - a potion of degeneration {unknown}
 r - a potion of lignification {unknown}


   Skills:
 + Level 4.0 Fighting
 + Level 3.3 Maces & Flails
 + Level 4.1 Armour
 + Level 4.1 Shields


You had 5 spell levels left.
You didn't know any spells.
Your spell library was empty.

Dungeon Overview and Level Annotations

Branches:
Dungeon (4/15)
 Temple: D:4-7

Altars:
Trog


Message History

The orc priest is moderately wounded.
The orc priest hits you with a +0 mace! Something hits you.
Something completely misses you.
You are too injured to fight recklessly!
You are too injured to fight recklessly!
You are too injured to fight recklessly!
You are too injured to fight recklessly!
You are too injured to fight recklessly!
You are too injured to fight recklessly!
You are too injured to fight recklessly!
You are too injured to fight recklessly!
You are too injured to fight recklessly!
You are too injured to fight recklessly!
You hit the orc priest.
The orc priest is moderately wounded.
The orc priest barely misses you.
You hear some strange, mumbled words.
A magic dart appears from out of thin air!
The magic dart hits you.
You hear some strange, mumbled words.
A magic dart appears from out of thin air!
The magic dart hits you.
* * * LOW HITPOINT WARNING * * *
Something hits you but does no damage. The orc priest hits you with a +0 mace.
* * * LOW HITPOINT WARNING * * *
Something hits you but does no damage.
You barely miss the orc priest.
The orc priest is moderately wounded.
Something hits you.
* * * LOW HITPOINT WARNING * * *
You hear some strange, mumbled words.
A puff of flame appears from out of thin air!
The puff of flame hits you.
* * * LOW HITPOINT WARNING * * *
The orc priest barely misses you.
You closely miss the orc priest.
The orc priest is moderately wounded.
The orc priest calls down the wrath of Beogh upon you.
Beogh smites you!
You die...

..[.. ....# .. ....# #.
...######## #.#
......#.... # #.#
#.#..#..... #. #.#
#.#........
####.##.######o#.)......
........>....{@{.####...
.........###.##### #
.........#...#
...........###
######.#..## #.#..#
##..##.# #..# #.## #.#
#..####


You could see an orc priest.

Vanquished Creatures
  A black bear (D:4)
  A hound (D:3)
  An ufetubus (D:4)
  A worm (D:2)
  An orc (D:4)
  9 endoplasms
  3 giant cockroaches (D:1)
  8 hobgoblins
  4 quokkas
  6 ball pythons
  4 bats
  2 frilled lizards (D:2)
  7 goblins
  4 kobolds
  5 rats
57 creatures vanquished.

Vanquished Creatures (others)
  An orc wizard (D:4)
1 creature vanquished.

Grand Total: 58 creatures vanquished

Notes
Turn   | Place    | Note
-------+----------+-------------------------------------------
     0 | D:1      | cforsyth the Human Fighter began the quest for the Orb.
     0 | D:1      | Reached XP level 1. HP: 18/18 MP: 1/1
   217 | D:1      | Reached XP level 2. HP: 5/24 MP: 2/2
   489 | D:1      | Reached XP level 3. HP: 29/29 MP: 3/3
   700 | D:2      | Found a bloodstained altar of Trog.
  1009 | D:2      | Found a faded altar of an unknown god.
  1176 | D:2      | Identified the amulet of Xeotoh {Acrobat Regen+}
  1477 | D:3      | Reached XP level 4. HP: 32/35 MP: 4/4
  2122 | D:4      | Noticed a black bear
  2132 | D:4      | Killed a black bear
  2133 | D:4      | Reached XP level 5. HP: 27/42 MP: 5/5
  2133 | D:4      | Reached XP level 6. HP: 31/48 MP: 6/6
  2213 | D:4      | Killed from afar by an orc priest

Illustrated notes

Levels and vault maps discovered:
D:1:      dpeg_arrival_three_same_balls, layout_loops_ring, serial_bayou_ford_a
D:2:      layout_loops_ring, shapermc_ecumenical_altar_pompeii, basic_altar
D:3:      layout_basic
D:4:      wad_river_or_something, layout_rooms, jmf_multi_god_temple

Skill      XL: |  1  2  3  4 |
---------------+-------------+-----
Fighting       | 4 |  4.0
Maces & Flails | 3 |  3.3
Armour         | 4 |  4.1
Shields        | 4 |  4.1

Action                     |  1- 3 |  4- 6 || total
---------------------------+-------+-------++-------
  Melee: Flail             |   114 |    82 ||   196
    Use: Scroll            |       |     1 ||     1
 Armour: Scale mail        |    55 |    42 ||    97
  Dodge: Dodged            |    55 |    50 ||   105
  Block: Buckler           |    33 |    30 ||    63

Table legend: (Time is in decaauts)
 A = Elapsed time spent in this place.
 B = Non-inter-level travel time spent in this place.
 C = Inter-level travel time spent in this place.
 D = Time resting spent in this place.
 E = Time spent auto-exploring this place.
 F = Levels seen in this place.
 G = Mean time per level.
                   A        B        C        D        E       F      G
               +--------+--------+--------+--------+--------+-----+--------+
         Total |   2274 |   2199 |     75 |      9 |   1716 |   4 |  568.5 |
       Dungeon |   2274 |   2199 |     75 |      9 |   1716 |   4 |  568.5 |
               +--------+--------+--------+--------+--------+-----+--------+

Top non-repeatable levels by time:
     D:2: 754 daAuts
     D:1: 718 daAuts
     D:3: 701 daAuts
     D:4: 101 daAuts
